 Dungeon Crawl Stone Soup version 0.21.1-1-g345015fe64 (webtiles) character file.

2073 Gargoyl the Chopper (level 9, -5/73 HPs)
             Began as a Centaur Abyssal Knight on Mar 7, 2018.
             Was an Elder of Lugonu.
             Slain by coier's ghost (6 damage)
             ... on level 7 of the Dungeon.
             The game lasted 00:16:39 (8741 turns).

Gargoyl the Chopper (Centaur Abyssal Knight)        Turns: 8741, Time: 00:16:40

Health: -5/73      AC: 15    Str: 17    XL:     9   Next: 6%
Magic:  13/13      EV:  3    Int: 11    God:    Lugonu [****..]
Gold:   446        SH:  0    Dex: 10    Spells: 8/8 levels left

rFire    . . .     SeeInvis .   x - +0 hand axe (elec)
rCold    . . .     Gourm    .   (no shield)
rNeg     . . .     Faith    .   e - +0 plate armour
rPois    .         Spirit   .   y - +0 helmet
rElec    .         Reflect  .   t - +1 cloak
rCorr    .         Harm     .   b - +0 pair of gloves
MR       .....                  (no barding)
Stlth    ..........             (no amulet)
HPRegen  0.22/turn              (no ring)
MPRegen  0.13/turn              (no ring)

@: very quick
A: large, hooves 3, deformed body, speed 2, tough skin 3
a: Depart the Abyss, Bend Space, Banish, Corrupt, Renounce Religion


You were on level 7 of the Dungeon.
You worshipped Lugonu.
Lugonu was greatly pleased with you.
You were not hungry.

You visited 1 branch of the dungeon, and saw 7 of its levels.
You visited the Abyss 1 time.
You also visited: Sewer.

You collected 446 gold pieces.

Inventory:

Hand Weapons
 a - a +2 hand axe
 x - a +0 hand axe of electrocution (weapon)
Armour
 b - a +0 pair of gloves (worn)
 e - a +0 plate armour (worn)
 t - a +1 cloak (worn)
 y - a +0 helmet (worn)
 E - a +2 plate armour of poison resistance
Jewellery
 z - a +2 ring of protection {unknown}
Wands
 A - a wand of polymorph (19)
 C - a wand of acid (4)
Scrolls
 g - 7 scrolls of teleportation
 h - 9 scrolls of remove curse
 n - 2 scrolls of fear
 o - a scroll of fog
 r - 2 scrolls of identify
 s - 2 scrolls of magic mapping
 u - 2 scrolls of amnesia
Potions
 d - a potion of flight {unknown}
 f - 2 potions of magic
 i - a potion of lignification {unknown}
 j - 2 potions of brilliance
 k - 6 potions of curing
 l - a potion of cancellation {unknown}
 p - a potion of haste {unknown}
 q - 2 potions of might
 v - a potion of mutation {unknown}
Books
 m - a book of Minor Magic

   Spells                             Type                      Level
   a - Magic Dart                     Conjuration                  1
   b - Blink                          Translocation                2
   c - Call Imp                       Summoning                    2
   d - Slow                           Hexes                        2
   e - Conjure Flame                  Conjuration/Fire             3
   f - Mephitic Cloud                 Conjuration/Poison/Air       3
 w - a book of Changes

   Spells                             Type                      Level
   a - Beastly Appendage              Transmutation                1
   b - Sticks to Snakes               Transmutation                2
   c - Spider Form                    Transmutation/Poison         3
   d - Ice Form                       Ice/Transmutation            4
   e - Blade Hands                    Transmutation                5
 D - a book of Cantrips

   Spells                             Type                      Level
   a - Confusing Touch                Hexes                        1
   b - Animate Skeleton               Necromancy                   1
   c - Summon Small Mammal            Summoning                    1
   d - Apportation                    Translocation                1
Comestibles
 c - 11 rations
 B - 4 chunks of flesh


   Skills:
 + Level 4.8 Fighting
 + Level 5.7 Axes
 * Level 5.3 Armour
 + Level 1.2 Dodging
 * Level 2.8 Stealth
 * Level 5.4 Invocations


You had 8 spell levels left.
You didn't know any spells.

Dungeon Overview and Level Annotations

Branches:
Dungeon (7/15)             Temple (0/1) D:5

Altars:
Fedhas
Trog
Uskayaw
Wu Jian
Xom
The Shining One

Annotations:
D:7 coier's ghost, novice GnWn


Innate Abilities, Weirdness & Mutations

You have hooves in place of feet.
Armour fits poorly on your strangely shaped body.
You cover ground very quickly.
You have extremely tough skin. (AC +3)


Message History

Coier's ghost takes a fighting stance.
Coier's ghost hits you!
* * * LOW HITPOINT WARNING * * *
You miss coier's ghost. Your kick misses coier's ghost.
Coier's ghost is severely damaged.
Coier's ghost hits you but does no damage.
Your plate armour prevents you from hitting coier's ghost.
You kick coier's ghost, but do no damage.
Coier's ghost is severely damaged.
Coier's ghost hits you.
* * * LOW HITPOINT WARNING * * *
You closely miss coier's ghost. Your kick misses coier's ghost.
Coier's ghost is severely damaged.
Coier's ghost hits you.
* * * LOW HITPOINT WARNING * * *
Your plate armour prevents you from hitting coier's ghost.
Your kick misses coier's ghost.
Coier's ghost is severely damaged.
Coier's ghost hits you.
You die...

#.....# ### #.....##...
.... #.....##....
.....#†....# ....
............# #..######
............###.......#
.......##.#...........#
......# #W####........#
#....# #@# #.......#
#.### #.# #.))....# ..
#.# #.)))...# > ##.#
#.......# .. #..#
#.....>.# .... #.##
##.......# ..... #.#
##........# .....##.##
#...#.##### #.
#.#.......###..##.#


You could see coier's ghost.

Vanquished Creatures
  A sky beast (D:5)
  2 ogres
  2 centaurs
  2 bullfrogs (Sewer)
  Blork the orc (D:6)
  A gnoll sergeant (D:6)
  A big kobold (D:4)
  A crimson imp (D:7)
  7 orc priests
  A jelly (D:6)
  3 orc wizards
  A centaur skeleton (D:5)
  A gnoll shaman (D:7)
  4 hounds
  A bullfrog skeleton (D:6)
  Jessica (D:2)
  An iguana (D:5)
  4 worker ants
  A hound zombie (D:2)
  13 gnolls
  A howler monkey skeleton (D:4)
  8 adders
  11 river rats
  A shadow imp (D:5)
  2 oozes (Sewer)
  An adder skeleton (D:5)
  7 worms
  4 dart slugs
  3 leopard geckos
  22 orcs
  11 ball pythons
  3 bats (D:1)
  6 giant cockroaches
  5 goblins
  10 hobgoblins
  10 jackals
  5 quokkas
  8 frilled lizards
  14 kobolds
  2 leopard gecko skeletons
  35 rats
218 creatures vanquished.

Vanquished Creatures (others)
  A sky beast (D:6)
1 creature vanquished.

Grand Total: 219 creatures vanquished

Notes
Turn   | Place    | Note
-------+----------+-------------------------------------------
     0 | Abyss:1  | Gargoyl the Centaur Abyssal Knight began the quest for the Orb.
     0 | Abyss:1  | Reached XP level 1. HP: 19/19 MP: 2/2
    35 | Abyss:1  | Noticed a ghoul
    71 | Abyss:2  | Noticed an earth elemental
   113 | Abyss:2  | Noticed a raiju
   117 | D:1      | Escaped the Abyss
   506 | D:1      | Reached XP level 2. HP: 9/26 MP: 3/3
   509 | D:1      | Reached * piety under Lugonu
  1515 | D:2      | Reached XP level 3. HP: 28/31 MP: 4/4
  1607 | D:2      | Reached skill level 1 in Dodging
  1778 | D:2      | Reached ** piety under Lugonu
  2065 | D:2      | Noticed Jessica
  2077 | D:2      | Killed Jessica
  2077 | D:2      | Reached XP level 4. HP: 25/38 MP: 6/6
  2304 | D:2      | Found a glowing golden altar of the Shining One.
  2426 | D:3      | Reached XP level 5. HP: 37/45 MP: 7/7
  2439 | D:3      | Found a bloodstained altar of Trog.
  2569 | D:3      | Found a blossoming altar of Fedhas.
  2597 | D:3      | Noticed a centaur
  2604 | D:3      | Reached skill level 1 in Stealth
  2606 | D:3      | Killed a centaur
  2606 | D:3      | Reached XP level 6. HP: 14/52 MP: 8/8
  2889 | D:3      | Reached *** piety under Lugonu
  2900 | D:3      | Found a glowing drain.
  2907 | Sewer    | Entered a sewer
  3945 | Sewer    | Reached XP level 7. HP: 44/59 MP: 9/9
  3945 | Sewer    | Reached **** piety under Lugonu
  4203 | D:3      | You fall through a shaft!
  4386 | D:4      | Found a hide-covered altar of Uskayaw.
  5649 | D:5      | Entered Level 5 of the Dungeon
  6280 | D:5      | Reached XP level 8. HP: 19/67 MP: 11/11
  6666 | D:5      | Found a staircase to the Ecumenical Temple.
  6906 | D:6      | Reached skill level 5 in Axes
  7082 | D:6      | Found a shimmering altar of Xom.
  7891 | D:6      | Reached skill level 5 in Armour
  8242 | D:6      | Noticed Blork the orc
  8254 | D:6      | Killed Blork the orc
  8254 | D:6      | Reached skill level 5 in Invocations
  8436 | D:6      | Found an ornate altar of the Wu Jian Council.
  8511 | D:7      | Reached XP level 9. HP: 57/73 MP: 13/13
  8687 | D:7      | Noticed coier's ghost (novice GnWn)
  8740 | D:7      | HP: 1/73 [coier's ghost (6)]
  8741 | D:7      | Slain by coier's ghost

Skill      XL: |  1  2  3  4  5  6  7  8 |
---------------+-------------------------+-----
Axes           | 2 3 4 5 |  5.7
Armour         | 2 3 4 5 |  5.3
Dodging        | 1 |  1.2
Invocations    | 3 4 5 |  5.4
Stealth        | 1 2 |  2.8
Fighting       | 4 |  4.8

Action                   |  1- 3 |  4- 6 |  7- 9 || total
-------------------------+-------+-------+-------++-------
Melee: Hand axe          |   116 |   177 |   349 ||   642
       Kick              |    16 |    35 |    82 ||   133
Invok: Depart the Abyss  |     1 |       |       ||     1
       Bend Space        |       |       |     1 ||     1
       Banish            |       |       |     1 ||     1
Evoke: Wand              |       |       |     3 ||     3
  Use: Potion            |     2 |     3 |     3 ||     8
       Scroll            |     1 |     8 |     5 ||    14
  Eat: Chunk             |     2 |     6 |    14 ||    22
Armor: Leather armour    |    11 |       |       ||    11
       Scale mail        |    24 |       |       ||    24
       Ring mail         |    12 |       |       ||    12
       Plate armour      |    33 |   173 |   346 ||   552
Dodge: Dodged            |    41 |    33 |    53 ||   127
